 Dungeon Crawl Stone Soup version 0.31-a0-182-gc5ef74bbde (webtiles) character file.

Game seed: 14042402231141872251

169 Midn8 the Shooter (level 5, -5/39 (41) HPs)
             Began as a Formicid Hunter on June 21, 2023.
             Was an Initiate of Fedhas.
             Killed by divine providence
             ... invoked by an orc priest
              (11 damage)
             ... on level 4 of the Dungeon.
             The game lasted 00:07:56 (2336 turns).

Midn8 the Shooter (Formicid Hunter)                 Turns: 2336, Time: 00:07:57

HP:   -5/39 (41)    AC:  4    Str: 15    XL:     5   Next: 79%
MP:   5/5           EV: 12    Int:  9    God:    Fedhas [......]
Gold: 244           SH:  0    Dex: 19    Spells: 4/4 levels left

rFire   . . .        a - +0 shortbow
rCold   . . .        (no shield)
rNeg    . . .        c - +0 leather armour
rPois   .            (helmet unavailable)
rElec   .            (no cloak)
rCorr   .            r - +0 pair of gloves
SInv    +            (no boots)
Will    .....        (no amulet)
Stlth   ++           (no ring)
HPRegen 0.26/turn    (no ring)
MPRegen 0.09/turn

%: no passive effects
@: lightly drained
A: permanent stasis, dig shafts and tunnels, antennae 3, four strong arms
a: Dig, Shaft Self, Renounce Religion


You were on level 4 of the Dungeon.
You worshipped Fedhas.
Fedhas was noncommittal.
You visited 2 branches of the dungeon, and saw 5 of its levels.

You collected 244 gold pieces.

Inventory:

Hand Weapons
 a - a +0 shortbow (weapon)
 l - the +8 hand axe of Painful Death {venom, SInv}
   (You found it on level 2 of the Dungeon)

   SInv:      It lets you see invisible.
Missiles
 o - 6 javelins
Armour
 c - a +0 leather armour (worn)
 r - a +0 pair of gloves (worn)
Jewellery
 q - a ring of ice
Wands
 m - a wand of flame (4)
Scrolls
 b - a scroll of butterflies
Potions
 d - a potion of attraction {unknown}
 g - 2 potions of might
 i - 4 potions of curing
 j - a potion of degeneration {unknown}
 n - a potion of brilliance {unknown}
 p - 2 potions of lignification {unknown}


   Skills:
 - Level 3.0 Fighting
 + Level 5.7 Ranged Weapons
 - Level 2.3 Dodging
 - Level 2.5 Stealth


You had 4 spell levels left.
You didn't know any spells.
Your spell library contained the following spells:

 Spells                   Type           Power      Damage    Failure   Level
 Gell's Gravitas          Tloc           0%         N/A       83%         3
 Teleport Other           Tloc           0%         N/A       83%         3
 Dispersal                Tloc           0%         N/A       100%        6


Dungeon Overview and Level Annotations

Branches:
Dungeon (4/15)             Temple (1/1) D:4

Altars:
Ashenzari
Cheibriados
Dithmenos
Fedhas
Kikubaaqudgha
Makhleb
Qazlal
Ru
Sif Muna
Trog
Uskayaw
Vehumet
Xom
Zin


Innate Abilities, Weirdness & Mutations

You cannot be hasted, slowed, berserked, paralysed or teleported.
You can dig through walls and to a lower floor.
You have a pair of large antennae on your head. (SInv)
Your four strong arms can wield two-handed weapons with a shield.


Message History

The orc wizard hits you but does no damage.
Fire: a) +0 shortbow
Press: ? - help, Q - select action, (/) - cycle Shift-Dir - straight line, f - orc wizard
Aim: an orc wizard, wielding a +0 dagger and wearing a +0 robe (58% to hit)
You shoot an arrow.
The arrow closely misses the orc wizard.
The orc wizard hits you but does no damage.
Fire: a) +0 shortbow
Press: ? - help, Q - select action, (/) - cycle Shift-Dir - straight line, f - orc priest, p - orc wizard
Aim: an orc priest, wielding a +0 whip and wearing a +0 leather armour (heavily wounded, 64% to hit)
You shoot an arrow.
The arrow hits the orc wizard but does no damage.
The orc wizard points at you and mumbles some strange words.
The puff of flame hits you!
Fire: a) +0 shortbow
Press: ? - help, Q - select action, (/) - cycle Shift-Dir - straight line, f - orc wizard
Aim: an orc wizard, wielding a +0 dagger and wearing a +0 robe (58% to hit)
You shoot an arrow. The arrow hits the orc wizard.
The orc wizard is moderately wounded.
The orc wizard points at you and mumbles some strange words.
The puff of flame hits you.
Fire: a) +0 shortbow
Press: ? - help, Q - select action, (/) - cycle Shift-Dir - straight line, f - orc priest, p - orc wizard
Aim: an orc priest, wielding a +0 whip and wearing a +0 leather armour (heavily wounded, 64% to hit)
You shoot an arrow. The arrow hits the orc wizard!
The orc wizard is almost dead.
The orc wizard casts a spell at you. The magic dart hits you.
* * * LOW HITPOINT WARNING * * *
Unknown command.
Fire: a) +0 shortbow
Press: ? - help, Q - select action, (/) - cycle Shift-Dir - straight line, f - orc wizard
Aim: an orc wizard, wielding a +0 dagger and wearing a +0 robe (almost dead, 58% to hit)
You shoot an arrow. The arrow hits the orc wizard.
You kill the orc wizard!
Fedhas appreciates your contribution to the ecosystem.
The orc priest mumbles some strange prayers to Beogh against you.
Beogh smites you!
You die...
Fedhas appreciates your contribution to the ecosystem.

#####.......##
#.###......##
#..##....###
#..##...##
##.....##
#....## ##..##
##)o## #@#.#
###)# #..#
#.># #...#
####. . ..
.){{


You could see an orc priest.

Vanquished Creatures
  A hound (D:4)
  An iguana (D:3)
  2 orc wizards (D:4)
  An adder (D:2)
  A worm (D:4)
  4 dart slugs
  6 orcs
  4 ball pythons
  6 endoplasms
  3 giant cockroaches (D:2)
  3 goblins
  8 hobgoblins
  4 jackals (D:3)
  A quokka (D:3)
  2 bats (D:3)
  3 frilled lizards
  7 kobolds
  4 rats
61 creatures vanquished.

Notes
Turn   | Place    | Note
-------+----------+-------------------------------------------
     0 | D:1      | Midn8 the Formicid Hunter began the quest for the Orb.
     0 | D:1      | Reached XP level 1. HP: 16/16 MP: 1/1
   164 | D:1      | Reached XP level 2. HP: 23/23 MP: 2/2
   485 | D:2      | Reached XP level 3. HP: 28/28 MP: 3/3
   595 | D:2      | Identified the +8 hand axe of Painful Death {venom, SInv}
   992 | D:2      | Reached XP level 4. HP: 34/34 MP: 4/4
  1457 | D:3      | Found a snail-covered altar of Cheibriados.
  1635 | D:3      | Found a faded altar of an unknown god.
  1764 | D:4      | Found a staircase to the Ecumenical Temple.
  1777 | D:3      | Reached skill level 5 in Ranged Weapons
  1883 | D:4      | Noticed a water moccasin
  1885 | D:4      | Reached XP level 5. HP: 41/41 MP: 5/5
  2031 | Temple   | Entered the Ecumenical Temple
  2197 | Temple   | Became a worshipper of Fedhas Madash
  2336 | D:4      | Killed from afar by an orc priest

Illustrated notes

Levels and vault maps discovered:
D:1:      amcnicky_arrival_wind_blow, layout_basic
D:2:      layout_basic, wad_orctagon
D:3:      layout_basic, general_overflow_altar,
          shapermc_ecumenical_altar_mp_highgroup, fountainhead
D:4:      layout_cave_pods, nicolae_tso_carved_into_rock,
          minmay_temple_entry_tees
Temple:   nicolae_temple_bog_church

Skill      XL: |  1  2  3  4 |
---------------+-------------+-----
Dodging        | 2 |  2.3
Stealth        | 2 |  2.5
Fighting       | 3 |  3.0
Ranged Weapons | 5 |  5.7

Action                     |  1- 3 |  4- 6 || total
---------------------------+-------+-------++-------
   Fire: Shortbow          |    66 |   109 ||   175
Ability: Dig               |       |     1 ||     1
  Evoke: Wand              |       |     5 ||     5
    Use: Scroll            |       |     6 ||     6
 Armour: Leather armour    |     2 |     9 ||    11
  Dodge: Dodged            |    12 |    40 ||    52

Table legend: (Time is in decaauts)
 A = Elapsed time spent in this place.
 B = Non-inter-level travel time spent in this place.
 C = Inter-level travel time spent in this place.
 D = Time resting spent in this place.
 E = Time spent auto-exploring this place.
 F = Levels seen in this place.
 G = Mean time per level.
                   A        B        C        D        E       F      G
               +--------+--------+--------+--------+--------+-----+--------+
         Total |   2380 |   2192 |    188 |    143 |   1553 |   5 |  476.0 |
       Dungeon |   2181 |   2025 |    156 |    143 |   1408 |   4 |  545.2 |
        Temple |    198 |    166 |     32 |      0 |    145 |   1 |  198.0 |
               +--------+--------+--------+--------+--------+-----+--------+

Top non-repeatable levels by time:
     D:3: 879 daAuts
     D:2: 636 daAuts
     D:1: 426 daAuts
     D:4: 239 daAuts
  Temple: 198 daAuts
